 Dungeon Crawl Stone Soup version 0.19-a0-1051-gdb7e7f8 (webtiles) character file.

2457 HAL9000 the Carver (level 9, -1/79 HPs)
             Began as a Minotaur Fighter on Aug 1, 2016.
             Killed from afar by an electric eel (6 damage)
             ... with a bolt of electricity
             ... on level 6 of the Dungeon.
             The game lasted 00:11:22 (6352 turns).

HAL9000 the Carver (Minotaur Fighter)               Turns: 6352, Time: 00:11:22

Health: -1/79      AC: 10    Str: 22    XL:     9   Next: 26%
Magic:  8/8        EV:  8    Int:  5    God:
Gold:   348        SH: 11    Dex: 12    Spells: 0 memorised, 8 levels left

rFire  + . .     SeeInvis .     G - +0 scimitar
rCold  . . .     Gourm    .     b - +0 scale mail
rNeg   . . .     Faith    .     c - +0 shield
rPois  +         Spirit   .     (helmet restricted)
rElec  .         Dismiss  .     x - +1 cloak
rCorr  .         Reflect  .     (no gloves)
SustAt .         Harm     .     (no boots)
MR     .....                    (no amulet)
Stlth  ..........               D - ring of protection from fire
                                n - ring of poison resistance

@: not resistant to hostile enchantments, extremely unstealthy
A: retaliatory headbutt, horns 2
a: no special abilities


You were on level 6 of the Dungeon.
You were hungry.

You visited 1 branch of the dungeon, and saw 6 of its levels.

You collected 348 gold pieces.

Inventory:

Hand Weapons
 G - a +0 scimitar (weapon)
Armour
 b - a +0 scale mail (worn)
 c - a +0 shield (worn)
 x - a +1 cloak (worn)
Jewellery
 n - a ring of poison resistance (left hand)
 D - a ring of protection from fire (right hand)
Wands
 B - a wand of lightning (8/15)
 F - a wand of flame (19/48)
Scrolls
 g - a scroll of enchant armour {unknown}
 h - 2 scrolls of remove curse {unknown}
 l - 8 scrolls of identify {unknown}
 s - a scroll of magic mapping {unknown}
 w - 4 scrolls of noise {unknown}
 y - a scroll of recharging {unknown}
 A - a scroll of teleportation {unknown}
Potions
 d - 4 potions of might
 i - 3 potions of curing {unknown}
 j - 3 potions of lignification {unknown}
 m - 2 potions of haste {unknown}
 o - a potion of resistance {unknown}
 q - a potion of invisibility {unknown}
 r - 2 potions of cancellation {unknown}
 t - a potion of agility
 u - 4 potions of brilliance {unknown}
 v - a potion of mutation {unknown}
Comestibles
 f - 3 bread rations
 k - 2 royal jellies
 p - 2 meat rations


   Skills:
 + Level 7.4 Fighting
 * Level 9.7 Long Blades
 + Level 7.9 Armour
 + Level 7.6 Shields


You had 8 spell levels left.
You didn't know any spells.

Dungeon Overview and Level Annotations

Branches:
Dungeon (6/15)
 Temple: D:4-7

Altars:
Dithmenos
Kikubaaqudgha
Nemelex Xobeh
Okawaru
Sif Muna
Uskayaw
Vehumet
Xom
The Shining One

Shops:
D:4 %


Innate Abilities, Weirdness & Mutations

You reflexively headbutt those who attack you in melee.
You have a pair of horns on your head.


Message History

Your unstable footing causes you to fumble your attack.
You barely miss the electric eel. Your headbutt misses the electric eel.
The electric eel shoots out a bolt of lightning at you!
The bolt of electricity hits you! x2
* * * LOW HITPOINT WARNING * * *
The bolt of electricity misses the electric eel.
Your unstable footing causes you to fumble your attack.
Unknown command.
Your unstable footing causes you to fumble your attack.
The electric eel shoots out a bolt of lightning at you!
The bolt of electricity hits you!
* * * LOW HITPOINT WARNING * * *
The bolt of electricity hits you!
* * * LOW HITPOINT WARNING * * *
The bolt of electricity hits the electric eel.
The electric eel completely resists.
Your unstable footing causes you to fumble your attack.
The electric eel shoots out a bolt of lightning at you!
The bolt of electricity hits you!
You die...

...#..).......########....#......
...†..().............'..>........
#+##)###.......#.#####...........
..##.# #.......#.# #...(.......
####.# #.......#.#####....#......
...(.# ##......#..........#......
####### ###################......
≈≈;≈≈≈### ###≈.P.P## #......
≈≈≈≈≈≈≈≈## ##@;≈≈....# #......
≈≈≈o≈≈≈#.####.#≈≈≈≈..P.##...)..
≈o≈######....######≈..PP#...... ;
#....# ≈....#...... #....#
≈....#...... #.)..# ≈≈PP.#......
##''## ;≈≈.P#.##### #..#
≈≈...#...(.. ###)##### #......


You could see an electric eel.

Vanquished Creatures
  Prince Ribbit (D:5)
  2 ice beasts
  2 orc warriors (D:6)
  2 ogres
  A centaur (D:5)
  5 big kobolds (D:5)
  A giant frog (D:6)
  3 scorpions
  An electric eel (D:6)
  3 wights (D:6)
  A crimson imp (D:6)
  A hound (D:4)
  Crazy Yiuf (D:3)
  2 gnoll shamans (D:5)
  An orc priest (D:5)
  A jelly (D:5)
  3 orc wizards
  A giant frog skeleton (D:6)
  Jessica (D:3)
  Natasha (thrice) (D:2)
  An iguana (D:5)
  Terence (D:2)
  A worker ant (D:5)
  Robin (D:2)
  10 adders
  11 gnolls
  A shadow imp (D:6)
  An adder skeleton (D:4)
  An adder zombie (D:6)
  5 worms
  3 dart slugs
  3 giant geckos
  19 orcs
  A ball python (D:5)
  4 giant cockroaches
  17 goblins
  14 hobgoblins
  13 jackals
  3 quokkas
  13 bats
  A giant cockroach zombie (D:6)
  2 giant gecko skeletons
  4 giant newts
  41 kobolds
  10 rats
217 creatures vanquished.

Notes
Turn   | Place    | Note
-------+----------+-------------------------------------------
     0 | D:1      | HAL9000 the Minotaur Fighter began the quest for the Orb.
     0 | D:1      | Reached XP level 1. HP: 19/19 MP: 0/0
    94 | D:1      | Reached skill level 3 in Long Blades
    94 | D:1      | Reached XP level 2. HP: 27/27 MP: 1/1
   154 | D:1      | Found a sparkling altar of Nemelex Xobeh.
   821 | D:2      | Reached XP level 3. HP: 32/33 MP: 2/2
   900 | D:2      | Found a faded altar of an unknown god.
   919 | D:2      | Reached skill level 4 in Long Blades
   946 | D:2      | Noticed Terence
   957 | D:2      | Killed Terence
   957 | D:2      | Reached XP level 4. HP: 35/40 MP: 3/3
  1011 | D:2      | Noticed Robin
  1027 | D:2      | Killed Robin
  1200 | D:2      | Noticed Natasha
  1207 | D:2      | Killed Natasha
  1207 | D:2      | Reached XP level 5. HP: 36/46 MP: 4/4
  1386 | D:2      | Noticed Natasha
  1395 | D:2      | Killed Natasha
  1448 | D:2      | Noticed Natasha
  1453 | D:2      | Killed Natasha
  1453 | D:2      | Reached skill level 5 in Long Blades
  1573 | D:3      | Found a runed door.
  1599 | D:3      | Noticed Jessica
  1604 | D:3      | Killed Jessica
  1628 | D:3      | Noticed Crazy Yiuf
  1642 | D:3      | Killed Crazy Yiuf
  1642 | D:3      | Reached skill level 5 in Armour
  1642 | D:3      | Reached XP level 6. HP: 10/53 MP: 5/5
  2439 | D:3      | Reached skill level 5 in Shields
  2741 | D:4      | Found Ivvoerghai's Food Shoppe.
  2941 | D:4      | Reached skill level 5 in Fighting
  2979 | D:4      | Found a shadowy altar of Dithmenos.
  3082 | D:4      | Found a glowing golden altar of the Shining One.
  3358 | D:5      | Entered Level 5 of the Dungeon
  3362 | D:5      | Reached skill level 6 in Long Blades
  3450 | D:5      | Reached XP level 7. HP: 55/61 MP: 6/6
  3752 | D:5      | Reached skill level 7 in Long Blades
  4010 | D:5      | Reached XP level 8. HP: 63/70 MP: 7/7
  4343 | D:5      | Found an iron altar of Okawaru.
  4383 | D:5      | Reached skill level 8 in Long Blades
  4475 | D:5      | Noticed Prince Ribbit
  4480 | D:5      | Killed Prince Ribbit
  4991 | D:6      | Reached skill level 9 in Long Blades
  5139 | D:6      | Found a shimmering altar of Xom.
  5379 | D:6      | Reached XP level 9. HP: 53/79 MP: 8/8
  5604 | D:6      | Found a hide-covered altar of Uskayaw.
  5759 | D:6      | Found a deep blue altar of Sif Muna.
  5760 | D:6      | Found an ancient bone altar of Kikubaaqudgha.
  5762 | D:6      | Found a radiant altar of Vehumet.
  5767 | D:6      | Identified Vehumet's Guide on Confrontation
  6352 | D:6      | Killed from afar by an electric eel

Vault maps used:
D:1:      minmay_arrival_glassed_features, nemelex_diamond_rough_becter
D:2:      ecumenical_altar_2, uniq_natasha, uniq_terence, uniq_robin
D:3:      portal_sewer_entry_d, uniq_crazy_yiuf_cottage, uniq_jessica
D:4:      nicolae_tso_carved_into_rock, kennysheep_mini, serial_shops,
          shop_statue, minmay_misc_feat_five, kennysheep_small_spiral
D:5:      minmay_goblin_kobold_castle, okawaru_altar_gauntlet_db,
          nicolae_overflow_hidden_temple, first_bread, uniq_prince_ribbit1
D:6:      wad_lake_hut, grunt_temple_overflow_magic_moments,
          kennysheep_mini_moat, old_standard_altar, minmay_misc_feat_enclosed,
          minmay_door_square

Skill      XL: |  1  2  3  4  5  6  7  8 |
---------------+-------------------------+-----
Long Blades    | 3 4 5 6 7 9 |  9.7
Shields        | 4 5 6 7 |  7.6
Armour         | 4 5 6 7 |  7.9
Fighting       | 4 5 7 |  7.4

Action                   |  1- 3 |  4- 6 |  7- 9 || total
-------------------------+-------+-------+-------++-------
Melee: Long sword        |   105 |   237 |   323 ||   665
       Headbutt          |     8 |    41 |    69 ||   118
       Scimitar          |       |       |    28 ||    28
Evoke: Wand              |       |       |     1 ||     1
  Eat: Chunk             |       |     8 |     7 ||    15
       Pizza             |       |       |     1 ||     1
       Beef jerky        |       |       |     1 ||     1
Armor: Scale mail        |    49 |    97 |    89 ||   235
Dodge: Dodged            |    36 |    56 |    73 ||   165
Block: Shield            |    49 |   103 |   173 ||   325
